AoeStats
← damiansima

Arena

510217075Analyzed
4v4 RM · 3d ago on Sep 30, 2026· 37m 3s· 8 players
Game mode
Random Map
Map size
Large (8 player)
Population
200
Speed
Normal
Resources
Standard
Victory
Conquest
Starting age
Dark Age
Ending age
Imperial Age
RankedLock teamsTeams togetherTeam positionsShared explorationLock speedFull tech treeHidden civsTurbo modeCheats
Victory
Defeat
🇨🇳 Huns · China
1283
+13
🇧🇷 Mongols · Brazil
1280
+13
🇧🇷 Varangians · Brazil
1280
+13
🇷🇺 Britons · Russia
1207
+16
🇺🇸 Saracens · United States
1229
-14
🇧🇷 Khmer · Brazil
1223
-14
🇦🇷 Danes · Argentina
1213
-14
🇦🇷 Italians · Argentina
1195
-13
Flying Cap
11:38 Feudal Age
12:22 Double-Bit Axe
12:41 Horse Collar
13:03 Stone Mining
16:45 Castle Age
15:29 Gold Mining
17:35 Heavy Plow
18:06 Bow Saw
18:59 Loom
23:51 Wheelbarrow
23:21 Town Watch
24:31 Gold Shaft Mining
24:59 Bloodlines
25:25 Scale Barding Armor
26:21 Forging
27:18 Hand Cart
27:39 Chain Barding Armor
31:06 Imperial Age
29:09 Husbandry
31:38 Bimaristan
32:17 Iron Casting
31:06 Elite Mameluke
33:03 Plate Barding Armor
34:19 Blast Furnace
36:15 Conscription
37:02 Fletching
damiansima
10:58 Feudal Age
14:56 Castle Age
12:58 Double-Bit Axe
13:08 Horse Collar
14:24 Gold Mining
16:46 Bow Saw
21:40 Scale Mail Armor
21:50 Forging
22:54 Squires
26:36 Loom
27:27 Wheelbarrow
26:26 Pikeman
26:52 Arson
31:45 Imperial Age
30:03 Forging
30:09 Chain Mail Armor
31:20 Iron Casting
31:50 Fletching
32:01 Padded Archer Armor
33:02 Plate Mail Armor
31:58 Elite Varangian Guard
32:01 Halberdier
33:31 Thumb Ring
32:47 Elite Skirmisher
34:31 Chemistry
33:11 Capped Ram
DKT | Zeusrs
10:49 Feudal Age
11:26 Horse Collar
11:43 Double-Bit Axe
14:28 Loom
17:48 Castle Age
16:52 Stone Mining
21:32 Wheelbarrow
26:57 Bloodlines
26:48 Husbandry
26:09 Light Cavalry
32:38 Imperial Age
33:47 Hussar
[Tps] Legio
10:17 Feudal Age
9:26 Loom
14:33 Castle Age
13:43 Double-Bit Axe
13:41 Horse Collar
15:58 Bow Saw
21:05 Wheelbarrow
20:40 Fletching
21:07 Gold Mining
22:10 Bodkin Arrow
22:54 Padded Archer Armor
23:38 Town Watch
25:06 Leather Archer Armor
25:06 Stone Mining
26:06 Bloodlines
27:53 Hand Cart
28:22 Ballistics
28:08 Husbandry
32:21 Imperial Age
30:29 Town Patrol
30:48 Thumb Ring
33:06 Bracer
34:08 Chemistry
SPQR_Dino
10:50 Feudal Age
10:48 Loom
15:27 Castle Age
13:45 Horse Collar
14:20 Double-Bit Axe
16:13 Fletching
17:48 Heavy Plow
22:49 Nomads
24:13 Ballistics
24:36 Bodkin Arrow
27:33 Padded Archer Armor
29:40 Thumb Ring
33:17 Imperial Age
31:25 Murder Holes
32:08 Wheelbarrow
31:19 Town Watch
31:52 Gold Mining
31:55 Stone Mining
32:51 Leather Archer Armor
33:43 Capped Ram
35:14 Drill
34:45 Siege Ram
CavArchers
9:50 Feudal Age
10:46 Double-Bit Axe
13:36 Castle Age
12:28 Horse Collar
14:36 Bow Saw
19:44 Wheelbarrow
19:55 Gold Mining
25:19 Imperial Age
23:16 Stone Mining
23:30 Heavy Plow
23:54 Forging
23:36 Fletching
24:11 Ballistics
24:26 Bodkin Arrow
24:34 Padded Archer Armor
25:13 Loom
26:04 Bracer
27:11 Chemistry
30:19 Gold Shaft Mining
30:09 Leather Archer Armor
30:26 Bloodlines
30:17 Husbandry
31:11 Thumb Ring
31:54 Parthian Tactics
32:05 Hand Cart
32:21 Conscription
31:56 Town Watch
31:41 Heavy Cavalry Archer
32:15 Light Cavalry
33:58 Hussar
34:53 Scale Barding Armor
34:58 Forging
36:26 Chain Barding Armor
37:11 Iron Casting
impossible
10:06 Feudal Age
14:49 Castle Age
13:29 Double-Bit Axe
13:37 Double-Bit Axe
15:07 Fletching
16:09 Loom
20:15 Bodkin Arrow
23:56 Padded Archer Armor
26:40 Wheelbarrow
30:51 Imperial Age
29:08 Bow Saw
29:21 Leather Archer Armor
30:56 Ballistics
31:53 Bracer
33:01 Chemistry
32:57 Town Watch
34:11 Hand Cart
34:58 Two-Man Saw
36:16 Conscription
37:31 Yeomen
37:20 Treadmill Crane
SPQR_Jack
11:43 Feudal Age
10:40 Loom
10:53 Loom
15:49 Castle Age
13:37 Double-Bit Axe
13:49 Horse Collar
17:42 Bow Saw
18:13 Heavy Plow
19:34 Wheelbarrow
18:45 Loom
19:55 Squires
21:07 Scale Mail Armor
20:57 Fletching
24:43 Chain Mail Armor
24:25 Bodkin Arrow
25:03 Hand Cart
24:36 Town Watch
24:47 Elite Skirmisher
26:06 Bodkin Arrow
26:37 Fervor
26:29 Arson
26:47 Padded Archer Armor
28:24 Leather Archer Armor
28:21 Forging
30:30 Iron Casting
33:31 Imperial Age
34:27 Coinage
33:58 Caravan
34:29 Ballistics
34:05 Murder Holes
34:35 Elite Varangian Guard
35:54 Plate Mail Armor
36:36 Banking
Connection lost

Rejoining the realm…

Still unreachable

The connection could not be restored.

Session expired

The server has moved on; the page needs a fresh start.